 Dungeon Crawl Stone Soup version 0.21-a0-348-ga060c75 (webtiles) character file.

186 Hasart the Cudgeler (level 5, -3/41 HPs)
             Began as a Mummy Fighter on Oct 6, 2017.
             Slain by an orc
             ... wielding a +0 trident
              (4 damage)
             ... on level 4 of the Dungeon.
             The game lasted 00:06:00 (3302 turns).

Hasart the Cudgeler (Mummy Fighter)                 Turns: 3302, Time: 00:06:01

Health: -3/41      AC:  6    Str: 20    XL:     5   Next: 38%
Magic:  5/5        EV:  7    Int:  8    God:
Gold:   165        SH:  8    Dex: 11    Spells: 4/4 levels left

rFire    x . .     SeeInvis .   k - -2 flail (curse)
rCold    + . .     Gourm    .   c - +0 shield
rNeg     + + +     Faith    .   b - +0 scale mail
rPois    ∞         Spirit   .   (no helmet)
rElec    .         Reflect  .   (no cloak)
rCorr    .         Harm     .   (no gloves)
MR       .....                  (no boots)
Stlth    ..........             (no amulet)
HPRegen  0.13/turn              (no ring)
MPRegen  0.09/turn              (no ring)

@: no status effects
A: no food or potions, fire vulnerability, cold resistance 1, negative energy
resistance 3, torment resistance, unbreathing
a: no special abilities


You were on level 4 of the Dungeon.
You were not hungry.

You visited 1 branch of the dungeon, and saw 4 of its levels.

You collected 165 gold pieces.

Inventory:

Hand Weapons
 a - a +1 flail
 k - a cursed -2 flail (weapon)
Armour
 b - a +0 scale mail (worn)
 c - a +0 shield (worn)
Scrolls
 d - a scroll of amnesia
 e - 2 scrolls of identify
 f - 3 scrolls of teleportation
 g - 3 scrolls of enchant weapon
Books
 j - a book of Misfortune

   Spells                             Type                      Level
   a - Confusing Touch                Hexes                        1
   b - Confuse                        Hexes                        3
   c - Gell's Gravitas                Translocation                3
   d - Petrify                        Transmutation/Earth          4
   e - Metabolic Englaciation         Hexes/Ice                    5
   f - Yara's Violent Unravelling     Hexes/Transmutation          5


   Skills:
 - Level 3.0 Fighting
 + Level 4.7 Maces & Flails
 - Level 2.4 Armour
 - Level 2.4 Shields


You had 4 spell levels left.
You didn't know any spells.

Dungeon Overview and Level Annotations

Branches:
Dungeon (4/15)
 Temple: D:4-7

Altars:
Wu Jian

Annotations:
D:3 anet's ghost, weakling DEWz


Innate Abilities, Weirdness & Mutations

You do not eat or drink.
Your flesh is vulnerable to fire.
You are immune to poison.
Your flesh is cold resistant. (rC+)
You are immune to negative energy. (rN+++)
You are immune to unholy pain and torment.
You can survive without breathing.


Message History

The magic dart hits you!
Things that are here:
a short sword; a scale mail Anet's ghost points at you and mumbles some strange words.
The magic dart hits you!
* * * LOW HITPOINT WARNING * * *
There is a stone staircase leading down here.
Anet's ghost casts a spell at you. The magic dart hits you!
* * * LOW HITPOINT WARNING * * *
You climb downwards.
An orc comes into view. It is wielding a club.
The orc shouts!
You block the orc's attack. The orc hits you but does no damage.
There is a stone staircase leading up here.
Unknown command.
You hit the orc.
The orc is severely wounded.
The orc hits you with a trident.
You die...

.. ....# .....
.....#########
.............##
..............##
...............#
...............#
.......oo@.....#
.............(.#
#......<.......#
.#............##
##..........##
#....#######
...... ###...#
#...


You could see 2 orcs.

Vanquished Creatures
  A hound (D:3)
  5 gnolls
  3 adders
  4 oozes
  A worm (D:3)
  3 dart slugs
  3 leopard geckos (D:2)
  An orc (D:3)
  2 giant cockroaches
  8 hobgoblins
  2 jackals (D:1)
  2 ball pythons (D:1)
  7 bats
  5 frilled lizards
  3 goblins (D:3)
  5 kobolds
  3 rats
58 creatures vanquished.

Notes
Turn   | Place    | Note
-------+----------+-------------------------------------------
     0 | D:1      | Hasart the Mummy Fighter began the quest for the Orb.
     0 | D:1      | Reached XP level 1. HP: 18/18 MP: 1/1
   145 | D:1      | Reached skill level 2 in Maces & Flails
   225 | D:1      | Reached XP level 2. HP: 22/24 MP: 2/2
   303 | D:1      | Reached XP level 3. HP: 26/29 MP: 3/3
   439 | D:1      | Reached skill level 3 in Maces & Flails
  1131 | D:2      | Reached XP level 4. HP: 3/35 MP: 4/4
  1476 | D:2      | Found an ornate altar of the Wu Jian Council.
  1799 | D:2      | Reached skill level 4 in Maces & Flails
  2561 | D:3      | Reached XP level 5. HP: 41/41 MP: 5/5
  2669 | D:3      | Noticed anet's ghost (weakling DEWz)
  3300 | D:3      | HP: 1/41 [anet's ghost/magic dart (7)]
  3302 | D:4      | Slain by an orc

Vault maps used:
D:1:      dpeg_arrival_erosion, minmay_domino_4
D:2:      nicolae_overflow_crystal_walls
D:3:      chequers_ecumenical_altar_lobes, uniq_crazy_yiuf_cottage
D:4:      roderic_serpentine_path, nicolae_qazlal_eye_of_the_storm, uniq_edmund,
          uniq_pikel

Skill      XL: |  1  2  3  4 |
---------------+-------------+-----
Maces & Flails | 2 3 4 |  4.7
Fighting       | |  3.0
Armour         | |  2.4
Shields        | |  2.4

Action                   |  1- 3 |  4- 6 || total
-------------------------+-------+-------++-------
Melee: Flail             |   117 |   158 ||   275
  Use: Scroll            |       |     6 ||     6
Armor: Scale mail        |    55 |    95 ||   150
Dodge: Dodged            |    42 |    43 ||    85
Block: Shield            |    55 |    78 ||   133

Table legend:
 A = Spawn XP
 B = Non-spawn XP
 C = Spawn XP percentage of total XP
 D = Spawn monster count
 E = Non-spawn monster count
 F = Spawn count percentage of total count
 G = Total turns spent on level
                    A         B        C        D         E        F      G
               +---------+---------+-------+---------+---------+-------+---------
         Total |       0 |     266 |   0.0 |       0 |      58 |   0.0 |  3302
               +---------+---------+-------+---------+---------+-------+---------
           D:1 |       0 |      55 |   0.0 |       0 |      20 |   0.0 |  1187
           D:2 |       0 |     133 |   0.0 |       0 |      26 |   0.0 |  1412
           D:3 |       0 |      78 |   0.0 |       0 |      12 |   0.0 |   685
               +---------+---------+-------+---------+---------+-------+---------
